 Dungeon Crawl Stone Soup version 0.22-b1-59-g0aedee7 (webtiles) character file.

65 Lilu the Conjurer (level 3, -1/19 HPs)
             Began as a Deep Elf Conjurer on Aug 9, 2018.
             Killed from afar by Sigmund (6 damage)
             ... with a puff of flame
             ... on level 2 of the Dungeon.
             The game lasted 00:05:48 (2508 turns).

Lilu the Conjurer (Deep Elf Conjurer)               Turns: 2508, Time: 00:05:49

Health: -1/19      AC:  2    Str:  6    XL:     3   Next: 92%
Magic:  6/9        EV: 13    Int: 19    God:
Gold:   42         SH:  0    Dex: 15    Spells: 5/8 levels left

rFire    . . .     SeeInvis .   (no weapon)
rCold    . . .     Gourm    .   (no shield)
rNeg     . . .     Faith    .   a - +0 robe
rPois    .         Spirit   .   (no helmet)
rElec    .         Reflect  .   (no cloak)
rCorr    .         Harm     .   (no gloves)
MR       .....                  (no boots)
Stlth    ++........             (no amulet)
HPRegen  0.06/turn              (no ring)
MPRegen  0.11/turn              (no ring)

@: no status effects
A: no striking features
a: no special abilities


You were on level 2 of the Dungeon.
You were hungry.

You visited 1 branch of the dungeon, and saw 2 of its levels.

You collected 42 gold pieces.

Inventory:

Missiles
 j - 18 arrows
Armour
 a - a +0 robe (worn)
 d - +0 fire dragon scales
Scrolls
 e - 2 scrolls of remove curse {unknown}
 f - a scroll of amnesia {unknown}
 g - a scroll of enchant weapon {unknown}
 k - 3 scrolls of identify {unknown}
Potions
 b - a potion of brilliance {unknown}
 h - a potion of heal wounds {unknown}
 i - a potion of ambrosia {unknown}
Comestibles
 c - 4 rations


   Skills:
 - Level 2.4 Dodging
 - Level 2.4 Stealth
 - Level 3.0 Spellcasting
 + Level 6.1 Conjurations


You had 5 spell levels left.
You knew the following spells:

 Your Spells              Type           Power        Failure   Level  Hunger
a - Magic Dart            Conj           ####         1%          1    None
b - Searing Ray           Conj           ####..       1%          2    ##.....

Your spell library contained the following spells:

 Spells                   Type           Power        Failure   Level  Hunger
 Conjure Flame            Conj/Fire      ##......     13%         3    ###....
 Slow                     Hex            #.......     22%         2    ##.....
 Mephitic Cloud           Conj/Pois/Air  ##......     21%         3    ###....
 Blink                    Tloc           N/A          22%         2    ##.....
 Iskenderun's Mystic Bla  Conj           ####....     12%         4    ####...
 Call Imp                 Summ           #.......     22%         2    ##.....
 Fulminant Prism          Conj/Hex       ##........   41%         4    ####...
 Dazzling Spray           Conj/Hex       ##....       13%         3    ###....
 Force Lance              Conj/Tloc      ##......     41%         4    ####...


Dungeon Overview and Level Annotations

Branches:
Dungeon (2/15)

Altars:

Annotations:
D:2 Sigmund


Message History

(Press . to maintain the ray.)
You are feeling hungry.
The searing ray hits Sigmund.
Sigmund is lightly wounded.
The searing ray hits Sigmund.
Sigmund is heavily wounded.
Sigmund points at you and mumbles some strange words.
You are confused.
Sigmund gestures wildly while chanting.
Sigmund flickers and vanishes!
You bump into the rock wall.
Something barely misses you.
You bump into the rock wall.
You feel less confused. Something hits you!
Ouch! That really hurt!
* * * LOW HITPOINT WARNING * * *
Something barely misses you.
A puff of flame appears from out of thin air!
The puff of flame hits you!
You die...

..# #..........#.......### ..#
#..........#.......'..
..##########..........#.......###
..'.......######.######.......#
..#######'# ####.# #.......# ..#
### #....######.......# ..#
#..........>......# ..#
#....##...........# ..#
#...@##...........# ..#
#....##......###### ###
####.##......# #.##......#
#.##......# #.######### #+##.# ##
♣♣. #..#.# .# ♣♣.♣♣ #..#.#


There were no monsters in sight!

Vanquished Creatures
  3 adders (D:2)
  A worm (D:2)
  2 dart slugs
  2 leopard geckos
  A ball python (D:2)
  5 bats
  5 goblins (D:2)
  3 hobgoblins
  A frilled lizard (D:2)
  3 kobolds
  4 rats (D:1)
  A fungus (D:1)
31 creatures vanquished.

Notes
Turn   | Place    | Note
-------+----------+-------------------------------------------
     0 | D:1      | Lilu the Deep Elf Conjurer began the quest for the Orb.
     0 | D:1      | Reached XP level 1. HP: 10/10 MP: 6/6
   455 | D:1      | Reached XP level 2. HP: 15/15 MP: 5/8
   585 | D:1      | Reached skill level 5 in Conjurations
  1490 | D:2      | Learned a level 2 spell: Searing Ray
  1497 | D:2      | Reached XP level 3. HP: 19/19 MP: 4/9
  1812 | D:2      | Noticed Sigmund
  1957 | D:2      | Reached skill level 6 in Conjurations
  2362 | D:2      | Found a faded altar of an unknown god.
  2508 | D:2      | Killed from afar by Sigmund

Skill      XL: |  1  2  3 |
---------------+----------+-----
Conjurations   | 5 6 |  6.1
Dodging        | |  2.4
Stealth        | |  2.4
Spellcasting   | |  3.0

Action                   || total
-------------------------++-------
Melee: Unarmed           ||    70
 Cast: Magic Dart        ||    54
       Searing Ray       ||     3
 Stab: Sleeping          ||     1
  Eat: Ration            ||     1
       Chunk             ||     1
Armor: Robe              ||     2
Dodge: Dodged            ||    13
